 Dungeon Crawl Stone Soup version 0.28-a0-1213-g0243856f03 (webtiles) character file.

Game seed: 14186180222468647079

15570 rogsnak the Thaumaturge (level 12, -3/121 HPs)
             Began as a Demonspawn Air Elementalist on Dec 20, 2021.
             Was a Priest of Sif Muna.
             Slain by Rupert (7 damage)
             ... while paralysed by Rupert
             ... on level 12 of the Dungeon on Dec 21, 2021.
             The game lasted 00:37:10 (15375 turns).

rogsnak the Thaumaturge (DsAE)                     Turns: 15375, Time: 00:37:11

Health: -3/121     AC: 10    Str:  4    XL:     12   Next: 2%
Magic:  27/27      EV:  2    Int: 25    God:    Sif Muna [***...]
Gold:   739        SH:  0    Dex: 15    Spells: 26/34 levels left

rFire   . . .      SeeInvis .   b - staff of air
rCold   . . .      Faith    +   (no shield)
rNeg    . . .      Spirit   .   s - +1 robe of Unambiguity {Regen+ Str-5 Int+5}
rPois   .          Reflect  .   (no helmet)
rElec   +          Harm     .   t - +0 cloak
rCorr   +          Rampage  .   (no gloves)
Will    .....                   (boots unavailable)
Stlth   ..........              z - amulet of faith
HPRegen 1.10/turn               E - ring of resist corrosion
MPRegen 0.20/turn               (no ring)

@: confused, paralysed, brilliant, berserking (expiring), ambrosia-drunk,
sanguine armoured, attractive, hasted
A: hooves 3, demonic guardian 1, ignite blood 1, sanguine armour 1, mutation
resistance 2
a: Renounce Religion, Channel Magic, Forget Spell


You were on level 12 of the Dungeon.
You worshipped Sif Muna.
Sif Muna was most pleased with you.
You visited 2 branches of the dungeon, and saw 13 of its levels.

You collected 739 gold pieces.

Inventory:

Hand Weapons
 i - a +0 dagger of protection
 q - a +4 shortbow of flaming
 v - a +1 quarterstaff of pain
 y - a +2 dagger of venom
Missiles
 K - 3 javelins
 L - a throwing net
Armour
 a - a +0 robe
 s - the +1 robe of Unambiguity (worn) {Regen+ Str-5 Int+5}
   (You found it on level 4 of the Dungeon)

   Str:       It affects your strength (-5).
   Int:       It affects your intelligence (+5).
   Regen:     It increases your rate of health regeneration.
 t - a +0 cloak (worn)
 F - +0 steam dragon scales
 I - a scarf of harm
 J - a +0 buckler
 S - a +0 troll leather armour
Magical Staves
 b - a staff of air (weapon)
Jewellery
 w - an amulet of the acrobat
 z - an amulet of faith (around neck)
 E - a ring of resist corrosion (left hand)
 P - a ring of poison resistance
Wands
 D - a wand of mindburst (21)
 N - a wand of acid (4)
Scrolls
 d - 10 scrolls of identify {unknown}
 f - a scroll of noise {unknown}
 g - 2 scrolls of holy word {unknown}
 k - 5 scrolls of teleportation {unknown}
 l - 2 scrolls of blinking {unknown}
 m - 2 scrolls of fog {unknown}
 o - 4 scrolls of fear {unknown}
 r - 2 scrolls of enchant armour {unknown}
 A - 4 scrolls of amnesia {unknown}
 G - 2 scrolls of magic mapping {unknown}
 R - 2 scrolls of immolation {unknown}
Potions
 c - a potion of flight {unknown}
 e - a potion of heal wounds {unknown}
 h - 2 potions of mutation
 j - a potion of invisibility {unknown}
 n - a potion of brilliance
 p - a potion of attraction
 u - 3 potions of magic
 x - a potion of might {unknown}
 B - a potion of haste
 C - a potion of degeneration {unknown}
 H - a potion of ambrosia
 M - a potion of berserk rage
 O - a potion of curing {unknown}
 Q - a potion of resistance {unknown}


   Skills:
 + Level 3.0 Fighting
 + Level 1.7 Staves
 + Level 3.2 Dodging
 - Level 1.7 Stealth
 + Level 11.5 Spellcasting
 * Level 10.2 Conjurations
 + Level 10.1 Air Magic
 + Level 0.4 Evocations


You had 26 spell levels left.
You knew the following spells:

 Your Spells              Type           Power      Damage    Failure   Level
a - Shock                 Conj/Air       100%       1d9       1%          1
b - Swiftness             Air            98%        N/A       1%          3
c - Airstrike             Air            49%        N/A       1%          4

Your spell library contained the following spells:

 Spells                   Type           Power      Damage    Failure   Level
 Magic Dart               Conj           100%       1d8       1%          1
 Searing Ray              Conj           100%       2d8       1%          2
 Static Discharge         Conj/Air       98%        N/A       1%          2
 Animate Skeleton         Necr           42%        N/A       4%          1
 Apportation              Tloc           42%        N/A       4%          1
 Summon Small Mammal      Summ           84%        N/A       4%          1
 Fulminant Prism          Conj/Hex       28%        3d14      4%          4
 Call Canine Familiar     Summ           21%        N/A       13%         3
 Gell's Gravitas          Tloc           21%        N/A       13%         3
 Lesser Beckoning         Tloc           21%        N/A       13%         3
 Portal Projectile        Hex/Tloc       42%        N/A       13%         3
 Teleport Other           Tloc           21%        N/A       13%         3
 Leda's Liquefaction      Hex/Erth       10%        N/A       38%         4
 Alistair's Intoxication  Tmut/Pois      14%        N/A       75%         5


Dungeon Overview and Level Annotations

Branches:
Dungeon (12/15)            Temple (1/1) D:7            Lair (0/6) D:9
    Orc: D:9-12

Altars:
Ashenzari
Cheibriados
Dithmenos
Elyvilon
Fedhas
Gozag
Hepliaklqana
Kikubaaqudgha
Makhleb
Nemelex Xobeh
Okawaru
Qazlal
Ru
Sif Muna
Trog
Uskayaw
Vehumet
Wu Jian
Xom
Yredelemnul
Zin
The Shining One
Lugonu

Shops:
D:7 =   D:8 [   D:9 [

Annotations:
D:12 Rupert


Innate Abilities, Weirdness & Mutations

You have hooves in place of feet.
A weak demonic guardian rushes to your aid.
Your demonic aura sometimes causes spilled blood to erupt in flames.
When seriously injured, your blood forms armour. (AC +6)
You are somewhat resistant to both further mutation and mutation removal.


Message History

You feel invigorated.
Rupert hits you with a +5 great mace of holy wrath!!
You convulse!
Your blood congeals into armour.
It was a potion of berserk rage.
A red film seems to cover your vision as you go berserk!
You feel yourself moving faster!
You feel mighty!
Rupert hits you with a +5 great mace of holy wrath!!
You convulse!!
* * * LOW HITPOINT WARNING * * *
A demonic guardian appears!
You feel a strong urge to attack something.
Rupert is attracted toward you.
You are too berserk!
You completely miss Rupert. You kick Rupert.
Rupert is lightly wounded.
Rupert is engulfed in blazing flames.
Rupert barely misses you.
You closely miss Rupert. Your kick misses Rupert.
Rupert is lightly wounded.
Something hits you but does no damage. Something bites you!
* * * LOW HITPOINT WARNING * * *
Something draws strength from your injuries!
Rupert is engulfed in blazing flames.
Rupert closely misses you.
Your white imp barely misses Rupert.
You hit Rupert.
Rupert is lightly wounded.
Something hits you!
* * * LOW HITPOINT WARNING * * *
Something bites you.
* * * LOW HITPOINT WARNING * * *
Something draws strength from your injuries!
Unknown command.
You barely miss Rupert. You kick Rupert!
Rupert is lightly wounded.
Rupert roars wildly at you.
You suddenly lose the ability to move!
Your white imp closely misses Rupert.
Something hits you but does no damage. Something bites you!
* * * LOW HITPOINT WARNING * * *
Something draws strength from your injuries!
Rupert hits you with a +5 great mace of holy wrath!
You die...

# #####.. #####
##....... ##...###
#......#
###......######@5..#
##..#####....##.@..##
#..## ##.........#
..## #........## .##
##...##...# >##
##..#####..# ..#
##..## #...# ..##
##..## ##..#
#.[###..## ...#


You could see Rupert (ally target) and a friendly white imp (summoned).

Vanquished Creatures
  Harold (D:8)
  A hydra (D:11)
  Erolcha (D:9)
  4 two-headed ogres
  Pikel (D:5)
  A cyclops (D:11)
  A gargoyle (D:12)
  A komodo dragon (D:12)
  3 trolls
  2 hornets
  4 wyverns
  2 wraiths (D:12)
  A shadow (D:10)
  9 yaks
  A water elemental (D:11)
  Grum (D:11)
  2 steam dragons (D:7)
  5 vampire mosquitoes
  Menkaure (D:6)
  An acid dragon (D:11)
  6 black bears
  2 ice beasts
  3 sky beasts
  2 orc warriors (D:8)
  3 ogres
  4 wolves (D:11)
  2 lemures (D:5)
  2 centaurs
  2 bullfrogs
  2 gnoll sergeants
  A wyvern zombie (D:9)
  A water moccasin zombie (D:5)
  4 scorpions
  A wyvern skeleton (D:6)
  2 howler monkeys
  9 wights
  5 electric eels
  A bullfrog zombie (D:5)
  5 orc priests
  4 centaur zombies
  A jelly (D:4)
  A centaur skeleton (D:7)
  3 hounds
  A bullfrog skeleton (D:5)
  An iguana (D:7)
  9 orc wizards
  A killer bee zombie (D:8)
  3 hound skeletons
  4 gnolls (D:8)
  6 adders
  2 shadow imps (D:6)
  2 white imps
  An ufetubus (D:6)
  2 dart slugs (D:3)
  2 worms
  29 orcs
  5 ball pythons
  3 bats
  16 endoplasms
  4 giant cockroaches
  6 goblins
  7 hobgoblins
  A jackal (D:1)
  9 kobolds
  A quokka (D:1)
  2 frilled lizards
  4 rats
230 creatures vanquished.

Vanquished Creatures (collateral kills)
  A slime creature (D:11)
  A yak (D:11)
  A vampire mosquito (D:11)
3 creatures vanquished.

Vanquished Creatures (others)
  3 plants
  3 withered plants (D:1)
6 creatures vanquished.

Grand Total: 239 creatures vanquished

Notes
Turn   | Place    | Note
-------+----------+-------------------------------------------
     0 | D:1      | rogsnak the Demonspawn Air Elementalist began the quest for
                  | the Orb.
     0 | D:1      | Reached XP level 1. HP: 13/13 MP: 3/3
   263 | D:1      | Found a faded altar of an unknown god.
   315 | D:1      | Gained mutation: You have large cloven feet. [demonic
                  | ancestry]
   315 | D:1      | Reached XP level 2. HP: 19/19 MP: 3/5
   992 | D:1      | Gained mutation: When seriously injured, your blood forms
                  | armour. (AC +6) [demonic ancestry]
   992 | D:1      | Reached XP level 3. HP: 24/24 MP: 3/6
  1957 | D:3      | Found a broken altar of Ashenzari.
  2052 | D:3      | Found an ornate altar of the Wu Jian Council.
  2169 | D:3      | Reached XP level 4. HP: 30/30 MP: 4/8
  3318 | D:4      | Noticed an ogre
  3319 | D:4      | Gained mutation: You have hoof-like feet. [demonic
                  | ancestry]
  3319 | D:4      | Reached XP level 5. HP: 19/35 MP: 2/9
  3473 | D:3      | Reached skill level 1 in Fighting
  3525 | D:4      | Reached skill level 1 in Staves
  3577 | D:4      | Killed an ogre
  3578 | D:4      | Reached skill level 3 in Spellcasting
  3578 | D:4      | Gained mutation: You have hooves in place of feet. [demonic
                  | ancestry]
  3578 | D:4      | Reached XP level 6. HP: 13/43 MP: 2/10
  3902 | D:5      | Entered Level 5 of the Dungeon
  4096 | D:4      | Found a radiant altar of Vehumet.
  4279 | D:4      | Found a burning altar of Makhleb.
  4322 | D:4      | Identified the +1 robe of Unambiguity {Regen+ Str-5 Int+5}
  4634 | D:5      | Noticed a hornet
  4642 | D:5      | Killed a hornet
  4643 | D:5      | Reached skill level 4 in Spellcasting
  4643 | D:5      | Reached XP level 7. HP: 20/49 MP: 4/13
  4647 | D:5      | Learned a level 3 spell: Swiftness
  4715 | D:5      | Learned a level 4 spell: Airstrike
  4910 | D:5      | Reached skill level 5 in Conjurations
  5095 | D:5      | Found a stormy altar of Qazlal.
  5139 | D:5      | Found a hazy altar of Hepliaklqana.
  5397 | D:5      | Noticed Pikel
  5404 | D:5      | Killed Pikel
  5405 | D:5      | Reached skill level 5 in Spellcasting
  5405 | D:5      | Reached skill level 5 in Air Magic
  5405 | D:5      | Reached XP level 8. HP: 39/57 MP: 4/15
  5802 | D:6      | Noticed Menkaure
  6034 | D:6      | Killed Menkaure
  6154 | D:6      | Reached XP level 9. HP: 41/62 MP: 11/17
  6321 | D:6      | Reached skill level 6 in Spellcasting
  6727 | D:7      | Found a shadowy altar of Dithmenos.
  6786 | D:7      | Found Vuclaixo's Jewellery Emporium.
  6800 | D:7      | Found a snail-covered altar of Cheibriados.
  7287 | D:7      | Found a bloodstained altar of Trog.
  7519 | D:7      | Found a sacrificial altar of Ru.
  7529 | D:7      | Became a worshipper of Ru the Awakened
  7575 | D:7      | Found a shimmering altar of Xom.
  7635 | D:7      | Reached skill level 7 in Spellcasting
  7984 | D:7      | Found a staircase to the Ecumenical Temple.
  7993 | Temple   | Entered the Ecumenical Temple
  8020 | Temple   | Fell from the grace of Ru
  8020 | Temple   | Became a worshipper of Sif Muna the Loreminder
  8872 | D:8      | Upgraded the game from 0.28-a0-1206-g193881aaa2 to
                  | 0.28-a0-1213-g0243856f03
  9354 | D:8      | Noticed Harold
  9418 | D:8      | Killed Harold
  9419 | D:8      | Reached skill level 8 in Spellcasting
  9419 | D:8      | Gained mutation: Your demonic aura sometimes causes spilled
                  | blood to erupt in flames. [demonic ancestry]
  9419 | D:8      | Reached XP level 10. HP: 18/68 MP: 4/22
  9807 | D:8      | Found Marduk's Dragon-Slaying Spoils.
 10041 | D:9      | Reached * piety under Sif Muna
 10332 | D:9      | Noticed Erolcha
 10399 | D:9      | Killed Erolcha
 10743 | D:9      | Found Muqegif's Antique Armour Shop.
 10818 | D:9      | Noticed a two-headed ogre
 10834 | D:9      | Killed a two-headed ogre
 10835 | D:9      | Reached skill level 9 in Spellcasting
 11198 | D:9      | Found a staircase to the Lair.
 11400 | D:10     | Entered Level 10 of the Dungeon
 11507 | D:10     | Gained mutation: A weak demonic guardian rushes to your
                  | aid. [demonic ancestry]
 11507 | D:10     | Reached XP level 11. HP: 74/74 MP: 15/24
 11778 | D:10     | Found an opulent altar of Gozag.
 12074 | D:10     | Reached ** piety under Sif Muna
 12328 | D:11     | Reached skill level 10 in Spellcasting
 12497 | D:11     | Noticed a two-headed ogre
 12510 | D:11     | Killed a two-headed ogre
 13038 | D:11     | Noticed a four-headed hydra
 13269 | D:11     | Killed a four-headed hydra
 13415 | D:11     | Noticed Grum
 13952 | D:12     | Reached skill level 11 in Spellcasting
 13953 | D:12     | Noticed an ogre mage
 14028 | D:12     | Noticed a two-headed ogre
 14034 | D:12     | Killed a two-headed ogre
 14035 | D:12     | Noticed a two-headed ogre
 14272 | D:11     | Reached skill level 10 in Conjurations
 14278 | D:11     | Killed Grum
 14408 | D:12     | Reached *** piety under Sif Muna
 14594 | D:12     | Noticed a skeletal warrior
 14753 | D:12     | Reached skill level 10 in Air Magic
 14843 | D:11     | Killed a two-headed ogre
 15065 | D:12     | Reached XP level 12. HP: 66/81 MP: 19/27
 15360 | D:12     | Noticed Rupert
 15363 | D:12     | Gained mutation: You are somewhat resistant to further
                  | mutation. [potion of mutation]
 15363 | D:12     | Gained mutation: You are somewhat resistant to both further
                  | mutation and mutation removal. [potion of mutation]
 15373 | D:12     | HP: 4/121 [something (5)]
 15374 | D:12     | Paralysed by Rupert for 3 turns
 15375 | D:12     | Slain by Rupert

Illustrated notes

Levels and vault maps discovered:
D:1:      minmay_arrival_split_and_join, layout_rooms,
          ebering_ecumenical_altar_petrified, st_stairs_13
D:2:      layout_basic, nicolae_figureground_sparkle
D:3:      layout_basic, ashenzari_altar_1, mainiacjoe_overflow_six_doors_small
D:4:      layout_cave_pools, lemuel_round_altar, makhleb_heckhound_becter,
          nicolae_vehumet_radiance
D:5:      layout_loops_ring, lemuel_coloured_pillars_altar,
          kennysheep_mini_moat, nrook_uturn, hex_large,
          amcnicky_mini_rare_corridor_liquid, grunt_decor_one_mirror,
          saegor_snake_ambush, uniq_pikel
D:6:      layout_cave_pools, uniq_menkaure
D:7:      layout_basic, trog_ov_bears_minmay, mainiacjoe_overflow_24_doors,
          nicolae_ru_sacrificial_ziggurat, mainiacjoe_overflow_catwalk_spiral,
          temple_hall, serial_shops, nicolae_shop_statue_plus
D:8:      minmay_skewed_foursquare, layout_loops_corners,
          nicolae_shop_dragon_depot, uniq_harold
D:9:      layout_cave_pools, david_lair_generic, serial_shops, shop,
          minmay_misc_feat_alley, uniq_erolcha
D:10:     layout_rooms, marbit_many_paths, chequers_hall_statues_y,
          mumra_transporter_accident, kennysheep_another_room
D:11:     layout_basic, uniq_grum
D:12:     nzn_winding_woodlands_cross [nzn_winding_woodlands_5x15_zeroes,
          nzn_winding_woodlands_5x15_cabin,
          nzn_winding_woodlands_5x15_longhouse,
          nzn_winding_woodlands_5x15_pathside_ponds,
          nzn_winding_woodlands_15x15_thick_spiral], layout_layer_cave,
          orc_0_dummy, uniq_rupert
Temple:   corrupted_temple

Skill      XL: |  1  2  3  4  5  6  7  8  9 10 11 |
---------------+----------------------------------+-----
Air Magic      | 3 4 5 7 8 10 | 10.1
Conjurations   | 2 3 4 6 8 9 10 | 10.2
Fighting       | 1 2 3 |  3.0
Staves         | 1 |  1.7
Spellcasting   | 3 4 5 8 9 11 | 11.5
Dodging        | 2 3 |  3.2
Stealth        | |  1.7
Evocations     | |  0.4

Action                   |  1- 3 |  4- 6 |  7- 9 | 10-12 || total
-------------------------+-------+-------+-------+-------++-------
Melee: Staff             |     2 |     6 |     9 |    36 ||    53
       Kick              |       |     2 |     1 |     7 ||    10
 Cast: Shock             |    79 |   121 |   156 |    79 ||   435
       Airstrike         |       |       |    51 |   151 ||   202
       Swiftness         |       |       |       |     1 ||     1
Evoke: Wand              |       |       |     2 |       ||     2
  Use: Potion            |       |       |       |     7 ||     7
 Stab: Sleeping          |       |       |     1 |       ||     1
Armor: Robe              |     5 |     7 |     8 |    21 ||    41
Dodge: Dodged            |     5 |    21 |    47 |    71 ||   144

Table legend: (Time is in decaauts)
 A = Elapsed time spent in this place.
 B = Non-inter-level travel time spent in this place.
 C = Inter-level travel time spent in this place.
 D = Time resting spent in this place.
 E = Time spent auto-exploring this place.
 F = Levels seen in this place.
 G = Mean time per level.
                   A        B        C        D        E       F      G
               +--------+--------+--------+--------+--------+-----+--------+
         Total |  15464 |  15133 |    331 |   4377 |   7376 |  13 | 1189.5 |
       Dungeon |  15412 |  15081 |    331 |   4377 |   7363 |  12 | 1284.3 |
        Temple |     51 |     51 |      0 |      0 |     13 |   1 |   51.0 |
               +--------+--------+--------+--------+--------+-----+--------+

Top non-repeatable levels by time:
    D:11: 2158 daAuts
     D:8: 1753 daAuts
     D:5: 1646 daAuts
     D:7: 1496 daAuts
     D:3: 1407 daAuts
     D:9: 1386 daAuts
     D:1: 1200 daAuts
    D:10: 1051 daAuts
     D:4: 1050 daAuts
    D:12: 827 daAuts
     D:2: 740 daAuts
     D:6: 693 daAuts
  Temple: 51 daAuts
